 Dungeon Crawl Stone Soup version 0.29.1-1-gd02db69 (webtiles) character file.

Game seed: 4445639522817257054

69 Bazzalis the Firebug (level 4, -1/33 HPs)
             Began as a Draconian Fire Elementalist on Dec 21, 2022.
             Slain by a gnoll
             ... wielding a +0 whip
              (6 damage)
             ... on level 1 of the Dungeon.
             The game lasted 00:09:47 (1262 turns).

Bazzalis the Firebug (Draconian Fire Elementalist)  Turns: 1262, Time: 00:09:47

Health: -1/33      AC:  5    Str: 10    XL:     4   Next: 2%
Magic:  0/7        EV: 12    Int: 18    God:
Gold:   30         SH:  0    Dex: 11    Spells: 7/8 levels left

rFire   . . .      SeeInvis .   (no weapon)
rCold   . . .      Faith    .   (no shield)
rNeg    . . .      Spirit   .   (body armour unavailable)
rPois   .          Reflect  .   (helmet restricted)
rElec   .          Harm     .   (no cloak)
rCorr   .          Rampage  .   (no gloves)
Will    .....                   (no boots)
Stlth   ++........              (no amulet)
HPRegen 0.11/turn               (no ring)
MPRegen 0.10/turn               (no ring)

@: no status effects
A: AC +5, unfitting armour, cold-blooded
a: no special abilities


You were on level 1 of the Dungeon.
You visited 1 branch of the dungeon, and saw 2 of its levels.

You collected 30 gold pieces.

Inventory:

Scrolls
 b - a scroll of brand weapon {unknown}
 e - a scroll of teleportation {unknown}
 f - a scroll of fear {unknown}
 g - a scroll of enchant armour {unknown}
 h - a scroll of magic mapping {unknown}
 i - a scroll of amnesia {unknown}
Potions
 a - a potion of magic
 c - a potion of invisibility {unknown}
 d - a potion of curing {unknown}
 j - 2 potions of heal wounds {unknown}


   Skills:
 + Level 2.4 Dodging
 - Level 1.9 Stealth
 + Level 2.6 Spellcasting
 - Level 1.1 Conjurations
 * Level 4.0 Fire Magic


You had 7 spell levels left.
You knew the following spells:

 Your Spells              Type           Power      Damage    Failure   Level
a - Foxfire               Conj/Fire      44%        2x1d6     6%          1

Your spell library contained the following spells:

 Spells                   Type           Power      Damage    Failure   Level
 Scorch                   Fire           32%        2d6       4%          2
 Conjure Flame            Conj/Fire      11%        6-21      19%         3
 Inner Flame              Hex/Fire       9%         N/A       22%         3
 Flame Wave               Conj/Fire      11%        2d6       52%         4


Dungeon Overview and Level Annotations

Branches:
Dungeon (2/15)

Altars:


Innate Abilities, Weirdness & Mutations

Your plain brown scales are hard. (AC +5)
You cannot fit into any form of body armour.
You are cold-blooded and may be slowed by cold attacks.


Message History

The gnoll is heavily wounded.
The goblin shoots a sling bullet.
The sling bullet hits you. The gnoll hits you with a +0 whip.
Casting: Foxfire (safe; 6% risk of failure)
Confirm with . or Enter, or press ? or * to list all spells.
You conjure some foxfire!
The gnoll hits you with a +0 whip. The gnoll misses you.
The foxfire hits the gnoll.
The gnoll is almost dead.
The foxfire hits the gnoll.
You kill the gnoll!
The gnoll hits you with a +0 whip.
Your Fire Magic skill increases to level 4!
You have reached level 4!
You feel clever. The gnoll hits you with a +0 whip.
You climb upwards.
There is a stone staircase leading down here.
Casting: Foxfire (safe; 6% risk of failure)
Confirm with . or Enter, or press ? or * to list all spells.
You conjure some foxfire!
The gnoll hits you with a +0 whip.
* * * LOW HITPOINT WARNING * * *
The foxfire hits the gnoll.
The gnoll is lightly wounded.
The foxfire hits the gnoll.
The gnoll is moderately wounded.
The gnoll hits you with a +0 whip.
* * * LOW HITPOINT WARNING * * *
Casting: Foxfire (safe; 6% risk of failure)
Confirm with . or Enter, or press ? or * to list all spells.
You conjure some foxfire!
The gnoll hits you but does no damage.
The foxfire hits the gnoll.
The gnoll is severely wounded.
The foxfire hits the gnoll.
The gnoll is severely wounded.
The gnoll misses you.
Casting: Foxfire (safe; 6% risk of failure)
Confirm with . or Enter, or press ? or * to list all spells.
You conjure some foxfire!
The gnoll hits you with a +0 whip.
You die...

########## #........# #.######.##
#.# #..# ####
#####.######..##########...
##........)............##...
##...##.######...........+...
#.......######..#....#####...
###..)........@v..#....# #...
#.........####vg.###.### #)..
#.#.........##.#..)..# #...
#.#.....[......###.#.#######...
#.#.)..........................
###.#.............###..##########
#.............#..)# #..####.#####
###[.)...#....#...###....#.......
#...†..#.......................


You could see a gnoll (ally target).

Vanquished Creatures
  3 gnolls
  A dart slug (D:1)
  2 bats (D:1)
  6 endoplasms (D:1)
  5 goblins (D:1)
  4 hobgoblins (D:1)
  2 jackals (D:1)
  2 kobolds (D:1)
  3 quokkas (D:1)
  A ball python (D:1)
  2 frilled lizards (D:1)
  2 rats
33 creatures vanquished.

Vanquished Creatures (others)
  94 foxfires
94 creatures vanquished.

Grand Total: 127 creatures vanquished

Notes
Turn   | Place    | Note
-------+----------+-------------------------------------------
     0 | D:1      | Bazzalis the Draconian Fire Elementalist began the quest
                  | for the Orb.
     0 | D:1      | Reached XP level 1. HP: 14/14 MP: 3/3
   151 | D:1      | Reached XP level 2. HP: 20/20 MP: 0/5
   542 | D:1      | Reached XP level 3. HP: 26/26 MP: 4/6
  1256 | D:2      | Reached skill level 4 in Fire Magic
  1256 | D:2      | Reached XP level 4. HP: 18/33 MP: 2/7
  1262 | D:1      | Slain by a gnoll

Illustrated notes

Levels and vault maps discovered:
D:1:      minmay_arrival_jagged, layout_basic, minmay_unequal
D:2:      layout_rooms, basic_altar, minmay_misc_feat_square

Skill      XL: |  1  2  3 |
---------------+----------+-----
Dodging        | 2 |  2.4
Fire Magic     | 4 |  4.0
Stealth        | |  1.9
Spellcasting   | |  2.6
Conjurations   | |  1.1

Action                   |  1- 3 |  4- 6 || total
-------------------------+-------+-------++-------
Melee: Unarmed           |     5 |       ||     5
 Cast: Foxfire           |    48 |     3 ||    51
Armor: Skin              |     5 |     1 ||     6
Dodge: Dodged            |    20 |     1 ||    21
